[Event "17th Memorial Lezcano Montalvo 2025"]
[Site "Gran Canaria"]
[Date "2025.04.19"]
[Round "8.18"]
[White "Torres Rebolledo, Marcos"]
[Black "Meneses Gonzalez, Kevin Moises"]
[Result "0-1"]
[Annotator "RC"]
[ECO "E94"]
[WhiteElo "2010"]
[BlackElo "2307"]
[PlyCount "56"]
[EventDate "2025.04.13"]
[EventType "swiss"]
[EventCountry "ESP"]
[SourceTitle "playchess.com"]
[Source "ChessBase"]
[SourceQuality "1"]
[TimeControl "5400+30"]

1. d4 d6 2. c4 e5 3. Nf3 Nd7 4. Nc3 Ngf6 5. e4 g6 6. Be2 Bg7 7. O-O O-O 8. Be3 Qe7 9. d5 Ng4 10. Bg5 f6 11. Bh4 g5 12. Bg3 Nh6 13. Qd2 a5 14. b3 Nc5 15. Rab1 g4 16. Ne1 f5 17. f3 gxf3 18. Bxf3 fxe4 19. Nxe4 Nxe4 20. Bxe4 Rxf1+ 21. Kxf1 Bf5 22. Qd3 Qf7 23. Nf3 Qg6 24. Nd2 Bxe4 25. Qxe4 Nf5 26. Be1 Bh6 27. Kg1 Be3+ 28. Kh1 Bxd2 0-1

[Event "17th Memorial Lezcano Montalvo 2025"]
[Site "Gran Canaria"]
[Date "2025.04.19"]
[Round "8.18"]
[White "Bolivar Castro, Alejandro"]
[Black "Hernando Rodrigo, Jose Maria"]
[Result "*"]
[Annotator "ChessBase"]
[ECO "E94"]
[WhiteElo "2006"]
[BlackElo "2256"]
[PlyCount "28"]
[EventDate "2025.04.13"]
[EventType "swiss"]
[EventCountry "ESP"]
[SourceTitle "playchess.com"]
[Source "ChessBase"]
[SourceQuality "1"]
[TimeControl "5400+30"]

1. d4 d6 2. c4 e5 3. Nf3 Nd7 4. Nc3 Ngf6 5. e4 g6 6. Be2 Bg7 7. O-O O-O 8. Be3 Qe7 9. d5 Ng4 10. Bg5 f6 11. Bh4 g5 12. Bg3 Nh6 13. Qd2 a5 14. b3 Nc5 *

[Event "17th Memorial Lezcano Montalvo 2025"]
[Site "Gran Canaria"]
[Date "2025.04.19"]
[Round "8.19"]
[White "Fiorito, Fabian"]
[Black "Sanchez Gonzalez, Diego"]
[Result "1-0"]
[Annotator "RC"]
[ECO "E16"]
[WhiteElo "2268"]
[BlackElo "2025"]
[PlyCount "44"]
[EventDate "2025.04.13"]
[EventType "swiss"]
[EventCountry "ESP"]
[SourceTitle "playchess.com"]
[Source "ChessBase"]
[SourceQuality "1"]
[TimeControl "5400+30"]

1. Nf3 Nf6 2. c4 e6 3. g3 b6 4. Bg2 Bb7 5. O-O g6 6. d4 Bg7 7. Nc3 d6 8. Qc2 O-O 9. e4 Nfd7 10. Bg5 f6 11. Be3 e5 12. Rad1 f5 13. dxe5 Nxe5 14. Nxe5 Bxe5 15. c5 Ba6 16. Rfe1 f4 17. gxf4 Rxf4 18. Bxf4 Bxf4 19. Nd5 Be5 20. f4 Bg7 21. cxd6 Qxd6 22. e5 Bc8 1-0

[Event "17th Memorial Lezcano Montalvo 2025"]
[Site "Gran Canaria"]
[Date "2025.04.19"]
[Round "8.19"]
[White "Moreno Diepa, Diego"]
[Black "Roquero Redondo, Miguel"]
[Result "*"]
[Annotator "ChessBase"]
[ECO "E16"]
[WhiteElo "2243"]
[BlackElo "2037"]
[PlyCount "26"]
[EventDate "2025.04.13"]
[EventType "swiss"]
[EventCountry "ESP"]
[SourceTitle "playchess.com"]
[Source "ChessBase"]
[SourceQuality "1"]
[TimeControl "5400+30"]

1. Nf3 Nf6 2. c4 e6 3. g3 b6 4. Bg2 Bb7 5. O-O g6 6. d4 Bg7 7. Nc3 d6 8. Qc2 O-O 9. e4 Nfd7 10. Bg5 f6 11. Be3 e5 12. Rad1 f5 13. dxe5 Nxe5 *

[Event "17th Memorial Lezcano Montalvo 2025"]
[Site "Gran Canaria"]
[Date "2025.04.19"]
[Round "8.20"]
[White "Brito Garcia, Alfredo"]
[Black "Perez Rosales, Pedro"]
[Result "*"]
[Annotator "ChessBase"]
[ECO "C02"]
[WhiteElo "2214"]
[BlackElo "1942"]
[PlyCount "23"]
[EventDate "2025.04.13"]
[EventType "swiss"]
[EventCountry "ESP"]
[SourceTitle "playchess.com"]
[Source "ChessBase"]
[SourceQuality "1"]
[TimeControl "5400+30"]

1. e4 e6 2. d4 d5 3. e5 c5 4. c3 Nc6 5. Nf3 Bd7 6. Be2 Nge7 7. O-O cxd4 8. cxd4 Nf5 9. Nc3 Be7 10. Bd3 Bc8 11. a3 O-O 12. Be3 *

[Event "17th Memorial Lezcano Montalvo 2025"]
[Site "Gran Canaria"]
[Date "2025.04.19"]
[Round "8.20"]
[White "Ramos Santana, Marcelino"]
[Black "Moreno Diepa, Diego"]
[Result "0-1"]
[Annotator "RC"]
[ECO "C02"]
[WhiteElo "1903"]
[BlackElo "2243"]
[PlyCount "86"]
[EventDate "2025.04.13"]
[EventType "swiss"]
[EventCountry "ESP"]
[SourceTitle "playchess.com"]
[Source "ChessBase"]
[SourceQuality "1"]
[TimeControl "5400+30"]

1. e4 e6 2. d4 d5 3. e5 c5 4. c3 Nc6 5. Nf3 Bd7 6. Be2 Nge7 7. O-O cxd4 8. cxd4 Nf5 9. Nc3 Be7 10. Bd3 Bc8 11. a3 O-O 12. Be3 a6 13. Rc1 f6 14. Bxf5 exf5 15. Bf4 g5 16. exf6 Bxf6 17. Be5 Be7 18. Na4 Rf7 19. b4 g4 20. Ne1 Bg5 21. Rxc6 bxc6 22. Nc5 f4 23. Qa4 Bd7 24. Ned3 f3 25. g3 Qe8 26. Qa5 Bf5 27. Qa4 Rfa7 28. Re1 Re7 29. Qd1 Qg6 30. h4 gxh3 31. Qxf3 Rf8 32. Qe2 h5 33. Kh2 Bg4 34. Qf1 Bd2 35. f4 Bxe1 36. Qxe1 Bf5 37. Nf2 Rfe8 38. Qe2 Kh7 39. Qf3 Rg8 40. Nxh3 Bxh3 41. Kxh3 Qf5+ 42. Kh2 h4 43. gxh4 Rg4 0-1

[Event "17th Memorial Lezcano Montalvo 2025"]
[Site "Gran Canaria"]
[Date "2025.04.19"]
[Round "8.21"]
[White "Blanco Barros, Juan Carlos"]
[Black "Tytynnik, Artem"]
[Result "*"]
[Annotator "ChessBase"]
[ECO "B36"]
[WhiteElo "1941"]
[BlackElo "2209"]
[PlyCount "25"]
[EventDate "2025.04.13"]
[EventType "swiss"]
[EventCountry "ESP"]
[SourceTitle "playchess.com"]
[Source "ChessBase"]
[SourceQuality "1"]
[TimeControl "5400+30"]

1. d4 Nf6 2. Nf3 c5 3. c4 cxd4 4. Nxd4 Nc6 5. Nc3 g6 6. e4 d6 7. Be2 Nxd4 8. Qxd4 Bg7 9. Be3 O-O 10. Qd2 Be6 11. Rd1 Qa5 12. O-O Rfc8 13. b3 *

[Event "17th Memorial Lezcano Montalvo 2025"]
[Site "Gran Canaria"]
[Date "2025.04.19"]
[Round "8.21"]
[White "Gonzalez Perdomo, Sergio"]
[Black "Calzetta Ruiz, Monica"]
[Result "0-1"]
[Annotator "RC"]
[ECO "B36"]
[WhiteElo "1880"]
[BlackElo "2224"]
[PlyCount "72"]
[EventDate "2025.04.13"]
[EventType "swiss"]
[EventCountry "ESP"]
[SourceTitle "playchess.com"]
[Source "ChessBase"]
[SourceQuality "1"]
[TimeControl "5400+30"]

1. d4 Nf6 2. Nf3 c5 3. c4 cxd4 4. Nxd4 Nc6 5. Nc3 g6 6. e4 d6 7. Be2 Nxd4 8. Qxd4 Bg7 9. Be3 O-O 10. Qd2 Be6 11. Rd1 Qa5 12. O-O Rfc8 13. b3 a6 14. Bf3 Nd7 15. Bd4 Bxd4 16. Qxd4 b5 17. Nd5 Bxd5 18. Qxd5 Qxa2 19. cxb5 axb5 20. Qxb5 Ne5 21. Qb7 Kf8 22. Ra1 Qxa1 23. Qxc8+ Kg7 24. Qb7 Ra7 25. Qb6 Ra3 26. Qc7 Nxf3+ 27. gxf3 Qf6 28. Qc2 Ra5 29. Qd3 Rh5 30. Rb1 Qg5+ 31. Kf1 Rxh2 32. Ke2 Qc5 33. Rf1 h5 34. f4 Rh4 35. f5 Qe5 36. f3 Rh2+ 0-1

[Event "17th Memorial Lezcano Montalvo 2025"]
[Site "Gran Canaria"]
[Date "2025.04.19"]
[Round "8.22"]
[White "Garcia Brion, Eduardo"]
[Black "Quintero Hernandez, Marcos Jesus"]
[Result "*"]
[Annotator "ChessBase"]
[ECO "C22"]
[WhiteElo "2171"]
[BlackElo "1874"]
[PlyCount "25"]
[EventDate "2025.04.13"]
[EventType "swiss"]
[EventCountry "ESP"]
[SourceTitle "playchess.com"]
[Source "ChessBase"]
[SourceQuality "1"]
[TimeControl "5400+30"]

1. e4 e5 2. d4 exd4 3. Qxd4 Nc6 4. Qe3 Nf6 5. Nc3 Bb4 6. Bd2 O-O 7. O-O-O Re8 8. Qg3 Nxe4 9. Nxe4 Rxe4 10. c3 Bd6 11. f4 Qf6 12. Nh3 Ra4 13. Bd3 *

[Event "17th Memorial Lezcano Montalvo 2025"]
[Site "Gran Canaria"]
[Date "2025.04.19"]
[Round "8.22"]
[White "Ludishev, Artem"]
[Black "Rodriguez Lopez, David"]
[Result "0-1"]
[Annotator "RC"]
[ECO "C22"]
[WhiteElo "1874"]
[BlackElo "2182"]
[PlyCount "144"]
[EventDate "2025.04.13"]
[EventType "swiss"]
[EventCountry "ESP"]
[SourceTitle "playchess.com"]
[Source "ChessBase"]
[SourceQuality "1"]
[TimeControl "5400+30"]

1. e4 e5 2. d4 exd4 3. Qxd4 Nc6 4. Qe3 Nf6 5. Nc3 Bb4 6. Bd2 O-O 7. O-O-O Re8 8. Qg3 Nxe4 9. Nxe4 Rxe4 10. c3 Bd6 11. f4 Qf6 12. Nh3 Ra4 13. Bd3 b6 14. Kb1 Bb7 15. Bc2 Ra5 16. Rhe1 Bf8 17. Qd3 g6 18. Qxd7 Rd8 19. Qxc7 Ba8 20. f5 Rad5 21. Bg5 Rxd1+ 22. Bxd1 Qxf5+ 23. Bc2 Rc8 24. Bxf5 Rxc7 25. Re8 Kg7 26. Bxg6 hxg6 27. Rxa8 Bd6 28. Bf4 Bxf4 29. Nxf4 g5 30. Nd5 Rd7 31. c4 Ne5 32. b3 b5 33. Re8 f6 34. Re6 bxc4 35. bxc4 Nxc4 36. Nxf6 Rd2 37. Ne4 Rb2+ 38. Kc1 Rxg2 39. Ra6 g4 40. Kd1 Rxh2 41. Ke1 Ne3 42. a4 Ra2 43. Nc3 Rc2 44. Ne4 Ng2+ 45. Kf1 Ne3+ 46. Ke1 Rc7 47. Ke2 Nf5 48. Nd6 Nxd6 49. Rxd6 Kf8 50. Ke3 Rg7 51. Kf2 Ke7 52. Rd4 g3+ 53. Kg2 Ke6 54. Rd3 Rg4 55. Ra3 a5 56. Ra2 Kd5 57. Ra1 Kc5 58. Kf3 Rg8 59. Kg2 Kb4 60. Ra2 Kb3 61. Ra1 Rg7 62. Rb1+ Kxa4 63. Rb6 Ka3 64. Rb5 a4 65. Rb8 Ka2 66. Rb6 a3 67. Rb8 Ka1 68. Rb6 a2 69. Rb3 Rc7 70. Kxg3 Rc1 71. Kf2 Rb1 72. Re3 Kb2 0-1

[Event "17th Memorial Lezcano Montalvo 2025"]
[Site "Gran Canaria"]
[Date "2025.04.19"]
[Round "8.23"]
[White "Yelisieiev, Yevhenii"]
[Black "Ramirez Maillo, Juan Adonay"]
[Result "*"]
[Annotator "ChessBase"]
[ECO "A22"]
[WhiteElo "2413"]
[BlackElo "1956"]
[PlyCount "23"]
[EventDate "2025.04.13"]
[EventType "swiss"]
[EventCountry "ESP"]
[SourceTitle "playchess.com"]
[Source "ChessBase"]
[SourceQuality "1"]
[TimeControl "5400+30"]

1. c4 Nf6 2. Nc3 d6 3. g3 e5 4. Bg2 Be7 5. e4 c6 6. Nge2 O-O 7. O-O a5 8. f4 Qb6+ 9. d4 Na6 10. h3 exd4 11. Nxd4 Nc5 12. Kh2 *

[Event "17th Memorial Lezcano Montalvo 2025"]
[Site "Gran Canaria"]
[Date "2025.04.19"]
[Round "8.23"]
[White "Marrero Cardenes, Agustin"]
[Black "Gonzalez Martinez, Miguel Angel"]
[Result "1-0"]
[Annotator "RC"]
[ECO "A22"]
[WhiteElo "2163"]
[BlackElo "2134"]
[PlyCount "81"]
[EventDate "2025.04.13"]
[EventType "swiss"]
[EventCountry "ESP"]
[SourceTitle "playchess.com"]
[Source "ChessBase"]
[SourceQuality "1"]
[TimeControl "5400+30"]

1. c4 Nf6 2. Nc3 d6 3. g3 e5 4. Bg2 Be7 5. e4 c6 6. Nge2 O-O 7. O-O a5 8. f4 Qb6+ 9. d4 Na6 10. h3 exd4 11. Nxd4 Nc5 12. Kh2 Re8 13. Rb1 Bf8 14. Re1 g6 15. b3 Bd7 16. Nc2 Qc7 17. a3 Bg7 18. Nd4 Re7 19. b4 Na6 20. Be3 Rae8 21. Qd3 axb4 22. axb4 Bc8 23. Bf2 h5 24. Nc2 d5 25. cxd5 cxd5 26. e5 Bf5 27. Qd2 Ne4 28. Nxe4 dxe4 29. Bxe4 Rd7 30. Qe2 Red8 31. Bxf5 Rd2 32. Qf3 gxf5 33. Ne3 R8d3 34. Kg1 h4 35. g4 Qc3 36. gxf5 Nxb4 37. f6 Bh6 38. Qg4+ Kh7 39. Qh5 Rxf2 40. Kxf2 Rd7 41. Qf5+ 1-0

[Event "17th Memorial Lezcano Montalvo 2025"]
[Site "Gran Canaria"]
[Date "2025.04.19"]
[Round "8.24"]
[White "Barlov, Dragan"]
[Black "De La Cruz Perez, Carlos"]
[Result "1/2-1/2"]
[Annotator "RC"]
[ECO "C01"]
[WhiteElo "2351"]
[BlackElo "1835"]
[PlyCount "142"]
[EventDate "2025.04.13"]
[EventType "swiss"]
[EventCountry "ESP"]
[SourceTitle "playchess.com"]
[Source "ChessBase"]
[SourceQuality "1"]
[TimeControl "5400+30"]

1. c4 e6 2. e4 d5 3. exd5 exd5 4. d4 Nf6 5. Nc3 Be7 6. Bd3 dxc4 7. Bxc4 O-O 8. Nge2 Nbd7 9. O-O Nb6 10. Bb3 c6 11. Ng3 Nbd5 12. Nxd5 Nxd5 13. Qf3 Qd6 14. Re1 Be6 15. Bd2 Nc7 16. Bf4 Qd7 17. Bc2 Nd5 18. Be5 g6 19. h3 f6 20. Bf4 Nxf4 21. Qxf4 Bd6 22. Qe3 Rfe8 23. Ne4 Be7 24. Bb3 Bxb3 25. Qxb3+ Kg7 26. Rad1 f5 27. Nc3 Bf6 28. Rxe8 Rxe8 29. d5 Qf7 30. Qc2 cxd5 31. Nxd5 Rd8 32. Qb3 Rd7 33. Rd3 Rd8 34. a4 b6 35. g3 Qe6 36. Kf1 Qe4 37. f3 Qe5 38. Nxf6 Qxf6 39. Rxd8 Qxd8 40. Qc3+ Qf6 41. Qc7+ Qf7 42. Qc2 Qd5 43. Qc3+ Kg8 44. Kf2 Kf7 45. Kg2 Qd1 46. Qc4+ Kf6 47. Qc3+ Kf7 48. b3 Qe2+ 49. Kg1 Ke6 50. Qc6+ Kf7 51. Qd5+ Qe6 52. Qd3 Qe5 53. Qc4+ Qe6 54. Qc7+ Qe7 55. Qc2 Qc5+ 56. Qxc5 bxc5 57. Kf2 Ke6 58. Ke3 Kd5 59. Kd3 a6 60. h4 h6 61. Kc3 Kd6 62. Kc4 Kc6 63. g4 fxg4 64. fxg4 g5 65. h5 Kd6 66. Kc3 Ke5 67. Kc4 Kd6 68. b4 cxb4 69. Kxb4 Kc6 70. Ka5 Kb7 71. Kb4 Kc6 1/2-1/2

[Event "17th Memorial Lezcano Montalvo 2025"]
[Site "Gran Canaria"]
[Date "2025.04.19"]
[Round "8.24"]
[White "Estremera Panos, Sergio"]
[Black "Ramos Santana, Marcelino"]
[Result "*"]
[Annotator "ChessBase"]
[ECO "C01"]
[WhiteElo "2195"]
[BlackElo "1903"]
[PlyCount "20"]
[EventDate "2025.04.13"]
[EventType "swiss"]
[EventCountry "ESP"]
[SourceTitle "playchess.com"]
[Source "ChessBase"]
[SourceQuality "1"]
[TimeControl "5400+30"]

1. c4 e6 2. e4 d5 3. exd5 exd5 4. d4 Nf6 5. Nc3 Be7 6. Bd3 dxc4 7. Bxc4 O-O 8. Nge2 Nbd7 9. O-O Nb6 10. Bb3 c6 *

[Event "17th Memorial Lezcano Montalvo 2025"]
[Site "Gran Canaria"]
[Date "2025.04.19"]
[Round "8.25"]
[White "Hernando Rodrigo, Jose Maria"]
[Black "Blanco Barros, Juan Carlos"]
[Result "1/2-1/2"]
[Annotator "RC"]
[ECO "A81"]
[WhiteElo "2256"]
[BlackElo "1941"]
[PlyCount "97"]
[EventDate "2025.04.13"]
[EventType "swiss"]
[EventCountry "ESP"]
[SourceTitle "playchess.com"]
[Source "ChessBase"]
[SourceQuality "1"]
[TimeControl "5400+30"]

1. d4 f5 2. g3 Nf6 3. Bg2 g6 4. Nh3 Bg7 5. Nf4 O-O 6. h4 d6 7. d5 Qe8 8. h5 g5 9. h6 Bh8 10. Nh3 g4 11. Nf4 c6 12. Nc3 Na6 13. Be3 Nc7 14. Qd3 Bd7 15. O-O-O c5 16. Ne6 Nb5 17. Nxb5 Bxb5 18. Qxf5 Bd7 19. Qg5+ Kf7 20. Nxf8 Qxf8 21. f3 Qd8 22. fxg4 Qa5 23. Qf4 Qxa2 24. g5 Kg8 25. gxf6 Bxf6 26. Kd2 Qxb2 27. Qc4 b5 28. Qb3 Qe5 29. Bf4 Qd4+ 30. Ke1 c4 31. Rxd4 cxb3 32. Rd3 b2 33. Kd2 a5 34. c3 a4 35. Kc2 a3 36. Rd4 Bxd4 37. cxd4 b4 38. Bd2 Rc8+ 39. Kb1 Rc4 40. Be4 b3 41. Bd3 Rc2 42. Bxc2 bxc2+ 43. Kxc2 Bf5+ 44. Kb3 b1=Q+ 45. Rxb1 Bxb1 46. Kxa3 Be4 47. Kb4 Bxd5 48. Kc3 Be4 49. Bf4 1/2-1/2

[Event "17th Memorial Lezcano Montalvo 2025"]
[Site "Gran Canaria"]
[Date "2025.04.19"]
[Round "8.26"]
[White "Rodriguez Melian, Jose Luis"]
[Black "Marrero Rodriguez, Jorge"]
[Result "0-1"]
[Annotator "RC"]
[ECO "D30"]
[WhiteElo "2029"]
[BlackElo "2251"]
[PlyCount "138"]
[EventDate "2025.04.13"]
[EventType "swiss"]
[EventCountry "ESP"]
[SourceTitle "playchess.com"]
[Source "ChessBase"]
[SourceQuality "1"]
[TimeControl "5400+30"]

1. d4 d5 2. c4 e6 3. Nf3 Nf6 4. Qc2 dxc4 5. Qxc4 a6 6. Bf4 Bd6 7. Bxd6 cxd6 8. e3 O-O 9. Be2 b5 10. Qc2 Bb7 11. O-O Nbd7 12. Nbd2 Rc8 13. Qb1 e5 14. Rc1 Qa5 15. Nb3 Qb6 16. Rxc8 Rxc8 17. Qd1 a5 18. Rc1 Rxc1 19. Qxc1 g6 20. dxe5 dxe5 21. Qc3 b4 22. Qc2 Kg7 23. Nbd2 Bd5 24. Bc4 Qc7 25. b3 Nb6 26. Qb2 Bxc4 27. Nxc4 Nxc4 28. bxc4 Nd7 29. g3 f6 30. Qd2 Nb6 31. h4 Nxc4 32. Qd5 Nd6 33. h5 Nf7 34. hxg6 hxg6 35. Nh4 Qb6 36. Qa8 f5 37. Qe8 Qd8 38. Qe6 Qd6 39. Qe8 Qd1+ 40. Kg2 Qd5+ 41. Kg1 Qxa2 42. Qc6 Qb1+ 43. Kh2 f4 44. gxf4 g5 45. fxg5 Nxg5 46. Qd7+ Kh6 47. Nf5+ Kh5 48. Ng3+ Kg6 49. e4 Qc1 50. Qf5+ Kh6 51. Qf6+ Kh7 52. Qe7+ Kg6 53. Qe8+ Kh7 54. Qh5+ Kg8 55. Qg6+ Kf8 56. Qd6+ Kf7 57. Qd7+ Kf8 58. Qf5+ Nf7 59. Qd7 b3 60. Nf5 Qf4+ 61. Kg1 Qg5+ 62. Kf1 b2 63. Qc8+ Qd8 64. Qc5+ Kg8 65. Qc2 Qb8 66. Qb1 a4 67. Ke2 Qb5+ 68. Kf3 Qb3+ 69. Ne3 Kf8 0-1

[Event "17th Memorial Lezcano Montalvo 2025"]
[Site "Gran Canaria"]
[Date "2025.04.19"]
[Round "8.26"]
[White "Henriquez Garcia, David"]
[Black "Bethencourt Hernandez, Alberto"]
[Result "*"]
[Annotator "NA"]
[ECO "D30"]
[WhiteElo "1869"]
[BlackElo "2122"]
[PlyCount "20"]
[EventDate "2025.04.13"]
[EventType "swiss"]
[EventCountry "ESP"]
[SourceTitle "playchess.com"]
[Source "ChessBase"]
[SourceQuality "1"]
[TimeControl "5400+30"]

1. d4 d5 2. c4 e6 3. Nf3 Nf6 4. Qc2 dxc4 5. Qxc4 a6 6. Bf4 Bd6 7. Bxd6 cxd6 8. e3 O-O 9. Be2 b5 10. Qc2 Bb7 *

[Event "17th Memorial Lezcano Montalvo 2025"]
[Site "Gran Canaria"]
[Date "2025.04.19"]
[Round "8.27"]
[White "Murashkin, Roman G"]
[Black "Rodriguez Avila, Alvaro"]
[Result "0-1"]
[Annotator "RC"]
[ECO "A45"]
[WhiteElo "2129"]
[BlackElo "2212"]
[PlyCount "114"]
[EventDate "2025.04.13"]
[EventType "swiss"]
[EventCountry "ESP"]
[SourceTitle "playchess.com"]
[Source "ChessBase"]
[SourceQuality "1"]
[TimeControl "5400+30"]

1. d4 Nf6 2. Bg5 c5 3. Bxf6 gxf6 4. e3 Qb6 5. Nc3 cxd4 6. exd4 e6 7. Rb1 d5 8. a3 Nc6 9. Bb5 Bd6 10. Nf3 O-O 11. Qd2 Kg7 12. O-O Rg8 13. Rfe1 Bd7 14. Bf1 Kh8 15. Qh6 Rg6 16. Qh4 Rag8 17. g3 f5 18. Nb5 Be7 19. Qf4 Rg4 20. Qd2 a6 21. Nc3 Nxd4 22. Ne5 Be8 23. Be2 R4g7 24. Kh1 Nc6 25. Nd3 Bg5 26. f4 Bf6 27. Bf3 Nd4 28. Qe3 Qc7 29. Ne2 Nxf3 30. Qxf3 Qxc2 31. Rec1 Qb3 32. Nc3 d4 33. Nc5 Qc4 34. Ne2 Qxc1+ 35. Rxc1 Bc6 36. Qxc6 bxc6 37. Nd7 Rg6 38. Nxf6 Rxf6 39. Nxd4 Rd8 40. Nf3 e5 41. fxe5 Re6 42. Ng5 Re7 43. Rxc6 Rd2 44. Rxa6 Rc7 45. Nxf7+ Rxf7 46. Rc6 Rxb2 47. e6 Re7 48. a4 Re2 49. Rc5 R7xe6 50. Rxf5 Rc6 51. Rf1 Rcc2 52. Rd1 Rxh2+ 53. Kg1 Rhg2+ 54. Kh1 Rgd2 55. Re1 Ra2 56. g4 Rxa4 57. g5 Kg7 0-1

[Event "17th Memorial Lezcano Montalvo 2025"]
[Site "Gran Canaria"]
[Date "2025.04.19"]
[Round "8.27"]
[White "Halldorsson, Halldor"]
[Black "Gonzalez Perdomo, Sergio"]
[Result "*"]
[Annotator "NA"]
[ECO "A45"]
[WhiteElo "2103"]
[BlackElo "1880"]
[PlyCount "21"]
[EventDate "2025.04.13"]
[EventType "swiss"]
[EventCountry "ESP"]
[SourceTitle "playchess.com"]
[Source "ChessBase"]
[SourceQuality "1"]
[TimeControl "5400+30"]

1. d4 Nf6 2. Bg5 c5 3. Bxf6 gxf6 4. e3 Qb6 5. Nc3 cxd4 6. exd4 e6 7. Rb1 d5 8. a3 Nc6 9. Bb5 Bd6 10. Nf3 O-O 11. Qd2 *

[Event "17th Memorial Lezcano Montalvo 2025"]
[Site "Gran Canaria"]
[Date "2025.04.19"]
[Round "8.28"]
[White "Paquico Rodriguez, Ivan"]
[Black "Garcia Rodriguez, Adriana"]
[Result "1-0"]
[Annotator "RC"]
[ECO "D04"]
[WhiteElo "2202"]
[BlackElo "1893"]
[PlyCount "87"]
[EventDate "2025.04.13"]
[EventType "swiss"]
[EventCountry "ESP"]
[SourceTitle "playchess.com"]
[Source "ChessBase"]
[SourceQuality "1"]
[TimeControl "5400+30"]

1. Nf3 d5 2. b3 c5 3. e3 Nc6 4. Bb2 Nf6 5. d4 Bg4 6. Be2 Bxf3 7. Bxf3 cxd4 8. exd4 e6 9. O-O Bd6 10. c4 O-O 11. g3 Rc8 12. Nd2 Bb8 13. a3 Qd7 14. Re1 Rfd8 15. c5 a5 16. Bc3 Ba7 17. b4 b6 18. b5 Ne7 19. c6 Qc7 20. a4 Bb8 21. Bg2 Ng6 22. f4 h5 23. Nf1 h4 24. Qd3 Kh7 25. Bd2 Rh8 26. f5 exf5 27. Qxf5 Kg8 28. Bxd5 Nxd5 29. Qxd5 hxg3 30. hxg3 Rd8 31. Qf3 Qc8 32. Rac1 Bc7 33. Be3 Qh3 34. Qg2 Qg4 35. Rc3 Rh3 36. Bf2 Nh4 37. Re4 Nxg2 38. Rxg4 Nf4 39. Rxf4 Bxf4 40. Kg2 Bxg3 41. Bxg3 Rh6 42. c7 Rc8 43. d5 Kf8 44. Re3 1-0

[Event "17th Memorial Lezcano Montalvo 2025"]
[Site "Gran Canaria"]
[Date "2025.04.19"]
[Round "8.28"]
[White "Sukhodolskyi, Oleksii"]
[Black "Ludishev, Artem"]
[Result "*"]
[Annotator "NA"]
[ECO "D04"]
[WhiteElo "2070"]
[BlackElo "1874"]
[PlyCount "20"]
[EventDate "2025.04.13"]
[EventType "swiss"]
[EventCountry "ESP"]
[SourceTitle "playchess.com"]
[Source "ChessBase"]
[SourceQuality "1"]
[TimeControl "5400+30"]

1. Nf3 d5 2. b3 c5 3. e3 Nc6 4. Bb2 Nf6 5. d4 Bg4 6. Be2 Bxf3 7. Bxf3 cxd4 8. exd4 e6 9. O-O Bd6 10. c4 O-O *

[Event "17th Memorial Lezcano Montalvo 2025"]
[Site "Gran Canaria"]
[Date "2025.04.19"]
[Round "8.29"]
[White "Garcia Padron, Juan"]
[Black "Alonso Perez, Alfredo"]
[Result "0-1"]
[Annotator "RC"]
[ECO "C55"]
[WhiteElo "2155"]
[BlackElo "1853"]
[PlyCount "61"]
[EventDate "2025.04.13"]
[EventType "swiss"]
[EventCountry "ESP"]
[SourceTitle "playchess.com"]
[Source "ChessBase"]
[SourceQuality "1"]
[TimeControl "5400+30"]

1. e4 e5 2. Nf3 Nf6 3. Nc3 Nc6 4. Bc4 Nxe4 5. Nxe4 d5 6. Bb5 dxe4 7. Nxe5 Qd5 8. Bxc6+ bxc6 9. Ng4 Ba6 10. Ne3 Qe5 11. Qg4 g6 12. f4 Qd4 13. f5 h5 14. Qh4 Be7 15. Qf2 O-O-O 16. Rb1 Rd7 17. a3 Rhd8 18. b4 Bg5 19. b5 Bxb5 20. Rxb5 cxb5 21. O-O Bxe3 22. dxe3 Qc4 23. fxg6 fxg6 24. Qe1 Rf7 25. Rxf7 Qxf7 26. Bb2 Qd5 27. Kf2 Qd2+ 28. Qxd2 Rxd2+ 29. Kg3 Rxc2 30. Bd4 c5 31. Bf6 0-1

[Event "17th Memorial Lezcano Montalvo 2025"]
[Site "Gran Canaria"]
[Date "2025.04.19"]
[Round "8.29"]
[White "Camino Carrio, Nicanor"]
[Black "De La Cruz Perez, Carlos"]
[Result "*"]
[Annotator "NA"]
[ECO "C55"]
[WhiteElo "2045"]
[BlackElo "1835"]
[PlyCount "21"]
[EventDate "2025.04.13"]
[EventType "swiss"]
[EventCountry "ESP"]
[SourceTitle "playchess.com"]
[Source "ChessBase"]
[SourceQuality "1"]
[TimeControl "5400+30"]

1. e4 e5 2. Nf3 Nf6 3. Nc3 Nc6 4. Bc4 Nxe4 5. Nxe4 d5 6. Bb5 dxe4 7. Nxe5 Qd5 8. Bxc6+ bxc6 9. Ng4 Ba6 10. Ne3 Qe5 11. Qg4 *

[Event "17th Memorial Lezcano Montalvo 2025"]
[Site "Gran Canaria"]
[Date "2025.04.19"]
[Round "8.30"]
[White "Ramirez Maillo, Cristian"]
[Black "Castro Miguelez, Jose"]
[Result "0-1"]
[Annotator "RC"]
[ECO "B22"]
[WhiteElo "2106"]
[BlackElo "1846"]
[PlyCount "90"]
[EventDate "2025.04.13"]
[EventType "swiss"]
[EventCountry "ESP"]
[SourceTitle "playchess.com"]
[Source "ChessBase"]
[SourceQuality "1"]
[TimeControl "5400+30"]

1. e4 c5 2. Nf3 Nc6 3. c3 Nf6 4. e5 Nd5 5. Bc4 Nb6 6. Bb3 d6 7. exd6 Qxd6 8. O-O c4 9. Bc2 Bg4 10. d4 cxd3 11. Qxd3 Qxd3 12. Bxd3 e6 13. a4 Bd6 14. a5 Nd7 15. a6 b6 16. Na3 Rc8 17. Nb5 Bb8 18. Ng5 Nde5 19. f3 Nxd3 20. fxg4 Nxc1 21. Raxc1 Ne5 22. h3 Rc5 23. c4 Nxc4 24. Nxf7 O-O 25. b4 Rcc8 26. Ng5 Rxf1+ 27. Rxf1 Ne3 28. Re1 Bg3 29. Nf3 Bxe1 30. Nxe1 Nd5 31. Nd3 Nc7 32. Nxc7 Rxc7 33. Kf2 Rc2+ 34. Ke3 Ra2 35. Kd4 Rxa6 36. Ke5 Kf7 37. Kd6 Kf6 38. h4 Ra2 39. Nf4 Rd2+ 40. Kc6 Rd4 41. g5+ Kf5 42. Nh5 Kg6 43. Ng3 Rxb4 44. Ne2 Rxh4 45. g3 Rg4 0-1